 Dungeon Crawl Stone Soup version 0.23-a0-316-g6773f7a52e (webtiles) character file.

11388 Snoopdragle the Grappler (level 11, -4/84 HPs)
             Began as a Gnoll Transmuter on July 10, 2018.
             Was an Elder of Yredelemnul.
             Slain by a four-headed hydra (13 damage)
             ... on level 8 of the Dungeon on Oct 14, 2018.
             The game lasted 01:55:15 (16286 turns).

Snoopdragle the Grappler (Gnoll Transmuter)        Turns: 16286, Time: 01:55:16

Health: -4/84      AC:  2    Str: 16    XL:     11   Next: 77%
Magic:  0/23       EV: 28    Int: 16    God:    Yredelemnul [****..]
Gold:   396        SH:  0    Dex: 20    Spells: 11/26 levels left

rFire    . . .     SeeInvis .     - Unarmed
rCold    . . .     Gourm    .   (shield currently unavailable)
rNeg     + . .     Faith    .   (armour currently unavailable)
rPois    x         Spirit   +   (helmet currently unavailable)
rElec    .         Reflect  .   (cloak currently unavailable)
rCorr    .         Harm     .   (gloves currently unavailable)
MR       .....                  (boots currently unavailable)
Stlth    ++++......             v - amulet of guardian spirit
HPRegen  0.24/turn              f - ring of wizardry
MPRegen  0.18/turn              w - ring of positive energy

@: spider-form
A: tiny, distributed training, strong nose
a: End Transformation, Recall Undead Slaves, Injury Mirror, Animate Dead, Drain
Life, Renounce Religion


You were on level 8 of the Dungeon.
You worshipped Yredelemnul.
Yredelemnul was greatly pleased with you.
You were not hungry.
You were a venomous arachnid creature.
You visited 3 branches of the dungeon, and saw 13 of its levels.

You collected 648 gold pieces.
You spent 252 gold pieces at shops.

Inventory:

Hand Weapons
 L - a +0 blowgun
 N - a +0 whip of electrocution
 O - a +2 hunting sling of velocity
Missiles
 a - 109 arrows
 b - 7 needles of paralysis
 n - 119 sling bullets
 o - 6 tomahawks of returning (quivered)
 x - 2 javelins
 D - 47 poisoned needles
 E - 2 throwing nets
 F - 11 tomahawks
 J - 6 needles of sleeping
 Q - 282 stones
 R - 8 silver tomahawks
Armour
 j - a +1 leather armour (melded)
 s - the +2 helmet of the Thinker (melded) {rPois}
   (You found it on level 5 of the Dungeon)

   It protects you from poison.
 u - a +0 chain mail
 B - a +2 cloak of invisibility (melded)
 C - the +9 plate armour "Lamo Cepp" {MR++ Str+3 Slay+6}
   (You found it on level 8 of the Dungeon)

   It affects your strength (+3).
   It affects your accuracy and damage with ranged weapons and melee attacks
   (+6).
   It affects your resistance to hostile enchantments.
 H - a +0 pair of gloves (melded)
Jewellery
 f - a ring of wizardry (left front leg)
 v - an amulet of guardian spirit (around neck)
 w - a ring of positive energy (right front leg)
 y - an uncursed amulet of guardian spirit
 S - an uncursed ring of positive energy
Wands
 r - a wand of acid (6)
 t - a wand of flame (58)
 A - a wand of digging (6)
 T - a wand of disintegration (7)
Scrolls
 i - 6 scrolls of remove curse
 k - 2 scrolls of magic mapping
 p - 2 scrolls of fear
 q - a scroll of blinking
 G - 4 scrolls of teleportation
 M - 2 scrolls of enchant weapon
Potions
 c - 5 potions of lignification
 e - 4 potions of curing
 g - 5 potions of haste
 h - 2 potions of brilliance
 l - 3 potions of magic
 m - a potion of agility
 z - a potion of resistance
 I - a potion of heal wounds
 K - a potion of might {unknown}
Miscellaneous
 P - a lightning rod (4/4)
Comestibles
 d - 9 rations
 U - 2 chunks of flesh


   Skills:
 + Level 7.0 Fighting
 + Level 6.5 Short Blades
 + Level 6.5 Long Blades
 + Level 6.5 Axes
 + Level 6.5 Maces & Flails
 + Level 6.5 Polearms
 + Level 6.5 Staves
 + Level 6.5 Slings
 + Level 6.5 Bows
 + Level 6.5 Crossbows
 + Level 6.5 Throwing
 + Level 6.5 Armour
 + Level 8.0 Dodging
 + Level 6.5 Stealth
 + Level 6.5 Shields
 + Level 9.3 Unarmed Combat
 + Level 8.3 Spellcasting
 + Level 5.3 Conjurations
 + Level 5.3 Hexes
 + Level 5.3 Charms
 + Level 5.3 Summonings
 + Level 5.3 Necromancy
 + Level 5.3 Translocations
 + Level 6.7 Transmutations
 + Level 5.3 Fire Magic
 + Level 5.3 Ice Magic
 + Level 5.3 Air Magic
 + Level 5.3 Earth Magic
 + Level 5.3 Poison Magic
 + Level 7.1 Invocations
 + Level 6.5 Evocations


You had 11 spell levels left.
You knew the following spells:

 Your Spells              Type           Power        Failure   Level  Hunger
a - Beastly Appendage     Tmut           ####..       1%          1    None
b - Sticks to Snakes      Tmut           ####....     2%          2    None
c - Spider Form           Tmut/Pois      ####......   4%          3    #......
d - Ice Form              Ice/Tmut       ####....     9%          4    ###....
e - Blade Hands           Tmut           ####......   16%         5    #####..

Your spell library contained the following spells:

 Spells                   Type           Power        Failure   Level  Hunger


Dungeon Overview and Level Annotations

Branches:
Dungeon (10/15)            Temple (1/1) D:5            Lair (2/6) D:8
  Swamp: Lair:2-4    Shoals: Lair:2-4     Snake: Lair:2-4    Spider: Lair:2-4
    Orc: D:9-12

Altars:
Ashenzari
Cheibriados
Dithmenos
Elyvilon
Fedhas
Gozag
Hepliaklqana
Kikubaaqudgha
Makhleb
Nemelex Xobeh
Okawaru
Qazlal
Ru
Sif Muna
Trog
Uskayaw
Vehumet
Wu Jian
Xom
Yredelemnul
Zin
The Shining One

Shops:
D:5 *   D:9 }


Innate Abilities, Weirdness & Mutations

Your experience applies equally to all skills.
((You have very sharp teeth.))
Your uncanny sense of smell can sniff out nearby items.


Message History

You turn into a venomous arachnid creature.
Your +2 cloak of invisibility melds into your body.
The +2 helmet of the Thinker {rPois} melds into your body.
Your +0 pair of gloves melds into your body.
Your +1 leather armour melds into your body.
The four-headed hydra barely misses you.
The four-headed hydra bites you!
* * * LOW HITPOINT WARNING * * *
The four-headed hydra barely misses you.
The four-headed hydra misses you.
Things that are here:
an uncursed shortbow; a robe; a dagger You bite the four-headed hydra!
The four-headed hydra is lightly wounded.
The four-headed hydra bites you.
* * * LOW HITPOINT WARNING * * *
The four-headed hydra completely misses you.
The four-headed hydra bites you!
You die...
Your body rises from the dead as a mindless zombie.

...##.## ##......###.#########.
#.####.## ##.####### #.# #. #.#
##.###.## #.# #. #.# ##...##
##'## #. #.# ###.....### ##...##
#. #.###.........## ##.....## #.
#..#...........####.......## ##.
##..........P...##.........####..
.........>.....Ds'.........'.....
##....P........)##.........####..
##.#...........####.......#####..
#..##.........## ##.....###.....
#.#####.....### ##...## #.##..
#.# ###.#.# ##'## #.##.. #.#
#...# #.# #.##.# #.# #.### #.#
#..... #.# #.# ##.########..


You could see a four-headed hydra.

Vanquished Creatures
  A hydra (Lair:1)
  A two-headed ogre (D:10)
  An ugly thing (D:8)
  2 spiny frogs
  A rime drake (Lair:1)
  Prince Ribbit (D:7)
  4 hippogriffs
  12 yaks
  A hungry ghost (D:7)
  2 wargs (D:8)
  A water moccasin (D:5)
  4 porcupines
  3 ice beasts
  2 sky beasts
  4 orc warriors
  2 black bears
  3 ogres
  4 phantoms
  2 centaurs (D:8)
  2 big kobolds (D:10)
  A crocodile (D:8)
  Blork the orc (D:4)
  A gnoll sergeant (D:7)
  11 bullfrogs
  6 scorpions
  4 killer bees (D:10)
  A howler monkey (D:8)
  3 crimson imps
  A centaur zombie (D:10)
  A hound (D:5)
  2 jellies
  A gnoll shaman (D:7)
  4 orc priests
  2 bullfrog skeletons
  2 centaur skeletons
  An iguana (D:10)
  Jessica (D:3)
  14 orc wizards
  Natasha (thrice) (D:4)
  7 worker ants
  A hound zombie (D:7)
  A howler monkey zombie (D:7)
  2 worker ant zombies
  11 adders
  21 gnolls
  2 shadow imps
  An ooze (D:3)
  An adder skeleton (D:5)
  2 adder zombies
  4 worms
  2 dart slugs
  6 leopard geckos
  28 orcs
  A ball python (D:2)
  7 bats
  5 giant cockroaches
  5 goblins
  9 hobgoblins
  6 jackals
  23 kobolds
  6 quokkas
  4 frilled lizards
  A giant cockroach zombie (D:6)
  2 jackal skeletons
  2 quokka skeletons
  7 rats
280 creatures vanquished.

Vanquished Creatures (collateral kills)
  An ogre (D:4)
  3 howler monkeys (D:9)
  A jelly (D:9)
  A worker ant (D:4)
  A kobold (D:10)
7 creatures vanquished.

Vanquished Creatures (others)
  A wight (Lair:1)
  A hound (D:5)
  A sky beast zombie (D:10)
  A ball python (D:5)
  3 jackals (D:5)
  An orc zombie (D:9)
8 creatures vanquished.

Grand Total: 295 creatures vanquished

Notes
Turn   | Place    | Note
-------+----------+-------------------------------------------
     0 | D:1      | Snoopdragle the Gnoll Transmuter began the quest for the
                  | Orb.
     0 | D:1      | Reached XP level 1. HP: 17/17 MP: 6/6
   233 | D:1      | Reached XP level 2. HP: 8/23 MP: 5/7
   964 | D:1      | Reached XP level 3. HP: 27/28 MP: 7/9
  1030 | D:2      | Reached skill level 5 in Spellcasting
  1034 | D:2      | Learned a level 2 spell: Sticks to Snakes
  1038 | D:2      | Learned a level 3 spell: Spider Form
  1181 | D:2      | Reached skill level 1 in Invocations
  1223 | D:2      | Reached skill level 1 in Short Blades
  1223 | D:2      | Reached skill level 1 in Long Blades
  1223 | D:2      | Reached skill level 1 in Axes
  1223 | D:2      | Reached skill level 1 in Maces & Flails
  1223 | D:2      | Reached skill level 1 in Polearms
  1223 | D:2      | Reached skill level 1 in Staves
  1223 | D:2      | Reached skill level 1 in Slings
  1223 | D:2      | Reached skill level 1 in Bows
  1223 | D:2      | Reached skill level 1 in Crossbows
  1223 | D:2      | Reached skill level 1 in Throwing
  1223 | D:2      | Reached skill level 1 in Armour
  1223 | D:2      | Reached skill level 1 in Stealth
  1223 | D:2      | Reached skill level 1 in Shields
  1223 | D:2      | Reached skill level 1 in Evocations
  1306 | D:2      | Upgraded the game from 0.22-a0-609-gfedc9ff77b to
                  | 0.22-a0-779-g6f83d72c62
  1418 | D:2      | Reached XP level 4. HP: 34/34 MP: 7/11
  2204 | D:2      | Reached skill level 1 in Conjurations
  2204 | D:2      | Reached skill level 1 in Hexes
  2204 | D:2      | Reached skill level 1 in Charms
  2204 | D:2      | Reached skill level 1 in Summonings
  2204 | D:2      | Reached skill level 1 in Necromancy
  2204 | D:2      | Reached skill level 1 in Translocations
  2204 | D:2      | Reached skill level 1 in Fire Magic
  2204 | D:2      | Reached skill level 1 in Ice Magic
  2204 | D:2      | Reached skill level 1 in Air Magic
  2204 | D:2      | Reached skill level 1 in Earth Magic
  2204 | D:2      | Reached skill level 1 in Poison Magic
  2379 | D:3      | Reached XP level 5. HP: 39/40 MP: 10/12
  2622 | D:3      | Learned a level 4 spell: Ice Form
  2641 | D:3      | Noticed Jessica
  2661 | D:3      | Killed Jessica
  3444 | D:3      | Upgraded the game from 0.22-a0-779-g6f83d72c62 to
                  | 0.22-a0-879-g615c57abe7
  3453 | D:3      | Reached XP level 6. HP: 42/47 MP: 13/13
  3559 | D:4      | Reached skill level 5 in Dodging
  3929 | D:4      | Noticed Natasha
  3938 | D:4      | Killed Natasha
  4148 | D:4      | Noticed Blork the orc
  4161 | D:4      | Killed Blork the orc
  4161 | D:4      | Reached XP level 7. HP: 18/52 MP: 10/15
  4685 | D:4      | Reached skill level 7 in Unarmed Combat
  4849 | D:4      | Noticed Natasha
  4869 | D:4      | Killed Natasha
  5090 | D:4      | Found a hazy altar of Hepliaklqana.
  5306 | D:4      | Noticed Natasha
  5314 | D:4      | Killed Natasha
  5419 | D:5      | Entered Level 5 of the Dungeon
  5457 | D:5      | Found Oqoiwkof's General Store.
  5465 | D:5      | Bought a scroll of identify for 22 gold pieces
  5465 | D:5      | Bought a scroll of fear for 38 gold pieces
  5465 | D:5      | Bought a scroll of blinking for 82 gold pieces
  5465 | D:5      | Bought a potion of haste for 110 gold pieces
  5523 | D:5      | Got a shimmering helmet
  5529 | D:5      | Identified the +2 helmet of the Thinker {rPois} (You found
                  | it on level 5 of the Dungeon)
  5826 | D:5      | Reached XP level 8. HP: 60/60 MP: 14/16
  6266 | D:5      | Learned a level 5 spell: Blade Hands
  6524 | D:5      | Found a staircase to the Ecumenical Temple.
  6533 | Temple   | Entered the Ecumenical Temple
  6702 | Temple   | Became a worshipper of Yredelemnul the Dark
  7204 | D:6      | You fall through a shaft for 3 floors!
  7242 | D:7      | Noticed a yak
  7242 | D:7      | Noticed a yak
  7242 | D:7      | Noticed a yak
  7386 | D:7      | Noticed Prince Ribbit
  7414 | D:7      | Killed Prince Ribbit
  7673 | D:7      | Reached XP level 9. HP: 65/66 MP: 16/18
  7690 | D:7      | Reached skill level 5 in Transmutations
  7856 | D:7      | Reached * piety under Yredelemnul
  8473 | D:7      | Reached skill level 5 in Fighting
  8637 | D:7      | Reached skill level 8 in Unarmed Combat
  8752 | D:7      | Reached skill level 5 in Invocations
  9398 | D:8      | Reached XP level 10. HP: 34/74 MP: 10/20
  9585 | D:8      | Got a fine plate armour
  9601 | D:8      | Identified the +9 plate armour "Lamo Cepp" {MR++ Str+3
                  | Slay+6} (You found it on level 8 of the Dungeon)
  9642 | D:8      | Reached ** piety under Yredelemnul
  9842 | D:8      | Reached skill level 5 in Short Blades
  9842 | D:8      | Reached skill level 5 in Long Blades
  9842 | D:8      | Reached skill level 5 in Axes
  9842 | D:8      | Reached skill level 5 in Maces & Flails
  9842 | D:8      | Reached skill level 5 in Polearms
  9842 | D:8      | Reached skill level 5 in Staves
  9842 | D:8      | Reached skill level 5 in Slings
  9842 | D:8      | Reached skill level 5 in Bows
  9842 | D:8      | Reached skill level 5 in Crossbows
  9842 | D:8      | Reached skill level 5 in Throwing
  9842 | D:8      | Reached skill level 5 in Armour
  9842 | D:8      | Reached skill level 5 in Stealth
  9842 | D:8      | Reached skill level 5 in Shields
  9842 | D:8      | Reached skill level 5 in Evocations
 10037 | D:8      | Found a staircase to the Lair.
 10045 | D:8      | Noticed a red ugly thing
 10072 | D:8      | Killed a red ugly thing
 10693 | D:8      | Upgraded the game from 0.22-a0-879-g615c57abe7 to
                  | 0.23-a0-13-gb09bef45d9
 11151 | D:9      | Found Xydghuto's Gadget Shop.
 11719 | D:9      | Reached XP level 11. HP: 63/81 MP: 13/22
 12020 | D:9      | Reached *** piety under Yredelemnul
 12178 | D:10     | Entered Level 10 of the Dungeon
 12606 | D:10     | Reached skill level 9 in Unarmed Combat
 12637 | D:10     | Noticed a two-headed ogre
 12675 | D:10     | Killed a two-headed ogre
 12675 | D:10     | Reached skill level 5 in Conjurations
 12675 | D:10     | Reached skill level 5 in Hexes
 12675 | D:10     | Reached skill level 5 in Charms
 12675 | D:10     | Reached skill level 5 in Summonings
 12675 | D:10     | Reached skill level 5 in Necromancy
 12675 | D:10     | Reached skill level 5 in Translocations
 12675 | D:10     | Reached skill level 5 in Fire Magic
 12675 | D:10     | Reached skill level 5 in Ice Magic
 12675 | D:10     | Reached skill level 5 in Air Magic
 12675 | D:10     | Reached skill level 5 in Earth Magic
 12675 | D:10     | Reached skill level 5 in Poison Magic
 12701 | D:10     | Reached **** piety under Yredelemnul
 13024 | D:9      | Upgraded the game from 0.23-a0-13-gb09bef45d9 to
                  | 0.23-a0-316-g6773f7a52e
 13408 | Lair:1   | Entered Level 1 of the Lair of Beasts
 13478 | Lair:1   | Noticed a six-headed hydra
 13488 | Lair:1   | Killed a six-headed hydra
 13922 | Lair:1   | Received a gift from Yredelemnul (a wight)
 16198 | Lair:2   | Noticed a four-headed hydra
 16286 | D:8      | Slain by a four-headed hydra

Vault maps used:
D:1:      dpeg_arrival_renting
D:3:      uniq_jessica
D:4:      lemuel_round_altar, feat_on_display, uniq_blork_the_orc, uniq_natasha
D:5:      lemuel_temple_firewalk_a, serial_shops, nicolae_shop_trees,
          first_ration, serial_glass, glass_columns_b, glass_columns_a
D:6:      serial_bayou_crossing
D:7:      kennysheep_small_spiral, uniq_prince_ribbit1
D:8:      erik_lair_orcish_takeover
D:9:      serial_shops, shop
Temple:   grunt_wide_crystal_templ
Lair:2:   shoals_dummy_entry

Skill      XL: |  1  2  3  4  5  6  7  8  9 10 11 |
---------------+----------------------------------+-----
Spellcasting   | 5 6 7 8 |  8.3
Invocations    | 1 2 3 4 5 6 7 |  7.1
Short Blades   | 1 2 3 4 5 6 |  6.5
Long Blades    | 1 2 3 4 5 6 |  6.5
Axes           | 1 2 3 4 5 6 |  6.5
Maces & Flails | 1 2 3 4 5 6 |  6.5
Polearms       | 1 2 3 4 5 6 |  6.5
Staves         | 1 2 3 4 5 6 |  6.5
Slings         | 1 2 3 4 5 6 |  6.5
Bows           | 1 2 3 4 5 6 |  6.5
Crossbows      | 1 2 3 4 5 6 |  6.5
Throwing       | 1 2 3 4 5 6 |  6.5
Armour         | 1 2 3 4 5 6 |  6.5
Stealth        | 1 2 3 4 5 6 |  6.5
Shields        | 1 2 3 4 5 6 |  6.5
Evocations     | 1 2 3 4 5 6 |  6.5
Conjurations   | 1 2 3 4 5 |  5.3
Hexes          | 1 2 3 4 5 |  5.3
Charms         | 1 2 3 4 5 |  5.3
Summonings     | 1 2 3 4 5 |  5.3
Necromancy     | 1 2 3 4 5 |  5.3
Translocations | 1 2 3 4 5 |  5.3
Fire Magic     | 1 2 3 4 5 |  5.3
Ice Magic      | 1 2 3 4 5 |  5.3
Air Magic      | 1 2 3 4 5 |  5.3
Earth Magic    | 1 2 3 4 5 |  5.3
Poison Magic   | 1 2 3 4 5 |  5.3
Fighting       | 3 4 5 6 7 |  7.0
Transmutations | 4 5 6 |  6.7
Dodging        | 5 6 7 8 |  8.0
Unarmed Combat | 7 8 9 |  9.3

Action                   |  1- 3 |  4- 6 |  7- 9 | 10-12 || total
-------------------------+-------+-------+-------+-------++-------
Melee: Unarmed           |    94 |   153 |   391 |   446 ||  1084
       Kick              |     7 |     9 |   101 |   103 ||   220
       Headbutt          |     8 |    14 |     8 |       ||    30
       Bite              |     5 |    17 |    48 |    46 ||   116
       Punch             |     1 |     4 |    10 |    23 ||    38
 Fire: Hunting sling     |       |       |     6 |       ||     6
 Cast: Beastly Appendage |    22 |    23 |    44 |    34 ||   123
       Spider Form       |     3 |     3 |     2 |     2 ||    10
       Sticks to Snakes  |       |     7 |    18 |     4 ||    29
       Blade Hands       |       |       |       |    14 ||    14
       Ice Form          |       |       |       |     2 ||     2
Invok: Animate Remains   |       |       |       |     2 ||     2
       Animate Dead      |       |       |       |     1 ||     1
  Use: Scroll            |     1 |     7 |     6 |     3 ||    17
       Potion            |       |       |     1 |     2 ||     3
 Stab: Sleeping          |       |     2 |     1 |    11 ||    14
       Distracted        |       |       |       |     1 ||     1
  Eat: Chunk             |     2 |     9 |    15 |    21 ||    47
       Ration            |       |       |     1 |     2 ||     3
Armor: Robe              |     3 |       |       |       ||     3
       Leather armour    |     8 |    17 |    96 |   120 ||   241
       Skin              |       |       |       |     8 ||     8
Dodge: Dodged            |    61 |    95 |   250 |   303 ||   709

Table legend:
 A = Non-vault XP
 B = Vault XP
 C = Vault XP percentage of total XP
 D = Non-vault monster count
 E = Vault monster count
 F = Vault count percentage of total count
                 A         B        C        D         E       F
            +---------+---------+-------+---------+---------+-------
      Total |   16269 |       0 |   0.0 |     287 |       0 |   0.0
            +---------+---------+-------+---------+---------+-------
        D:1 |      37 |       0 |   0.0 |      24 |       0 |   0.0
        D:2 |     116 |       0 |   0.0 |      27 |       0 |   0.0
        D:3 |     173 |       0 |   0.0 |      27 |       0 |   0.0
        D:4 |     663 |       0 |   0.0 |      16 |       0 |   0.0
        D:5 |     673 |       0 |   0.0 |      26 |       0 |   0.0
        D:6 |     344 |       0 |   0.0 |      14 |       0 |   0.0
        D:7 |    2257 |       0 |   0.0 |      39 |       0 |   0.0
        D:8 |    2993 |       0 |   0.0 |      36 |       0 |   0.0
        D:9 |    2304 |       0 |   0.0 |      25 |       0 |   0.0
       D:10 |    3025 |       0 |   0.0 |      40 |       0 |   0.0
     Lair:1 |    3028 |       0 |   0.0 |      10 |       0 |   0.0
     Lair:2 |     656 |       0 |   0.0 |       3 |       0 |   0.0
            +---------+---------+-------+---------+---------+-------
